 Dungeon Crawl Stone Soup version 0.30-a0-743-gbfdf073431 (webtiles) character file.

Game seed: 971339737044203937

176 jimonade the Shooter (level 5, -6/39 HPs)
             Began as a Formicid Hunter on Feb 7, 2023.
             Mangled by a gnoll
             ... wielding a +0 halberd
              (10 damage)
             ... on level 3 of the Dungeon.
             The game lasted 00:03:55 (2050 turns).

jimonade the Shooter (Formicid Hunter)              Turns: 2050, Time: 00:03:55

Health: -6/39      AC:  5    Str: 16    XL:     5   Next: 86%
Magic:  5/5        EV: 12    Int: 10    God:
Gold:   194        SH:  0    Dex: 17    Spells: 4/4 levels left

rFire   . . .      SeeInvis +    a - +0 shortbow
rCold   . . .      Faith    .    (no shield)
rNeg    . . .      Spirit   .    c - +0 leather armour
rPois   .          Reflect  .    (helmet unavailable)
rElec   .          Harm     .    i - +0 cloak
rCorr   .          Rampage  .    (no gloves)
Will    +....                    A - +0 pair of boots
Stlth   ++                       (no amulet)
HPRegen 0.26/turn                f - +4 ring of slaying
MPRegen 0.09/turn                z - ring of willpower

@: no status effects
A: permanent stasis, dig shafts and tunnels, antennae 3, four strong arms
a: Dig, Shaft Self


You were on level 3 of the Dungeon.
You visited 1 branch of the dungeon, and saw 3 of its levels.

You collected 194 gold pieces.

Inventory:

Hand Weapons
 a - a +0 shortbow (weapon)
 j - a +0 rapier
 p - a +1 dagger of venom
Missiles
 m - 6 poisoned darts
 s - a throwing net
Armour
 c - a +0 leather armour (worn)
 i - a +0 cloak (worn)
 A - a +0 pair of boots (worn)
Jewellery
 f - a +4 ring of slaying (left hand)
 z - a ring of willpower (right hand)
Wands
 w - a wand of mindburst (8)
Scrolls
 b - a scroll of immolation
 d - 6 scrolls of identify {unknown}
 e - 2 scrolls of enchant armour {unknown}
 n - a scroll of amnesia {unknown}
 o - a scroll of vulnerability {unknown}
 q - a scroll of poison {unknown}
 r - a scroll of teleportation {unknown}
 t - 4 scrolls of enchant weapon {unknown}
 x - a scroll of summoning {unknown}
 y - a scroll of blinking {unknown}
Potions
 g - a potion of degeneration {unknown}
 h - 2 potions of curing {unknown}
 k - a potion of might {unknown}
 l - 2 potions of heal wounds {unknown}
 u - a potion of mutation {unknown}
 v - 3 potions of flight {unknown}
 B - a potion of brilliance {unknown}


   Skills:
 + Level 2.7 Fighting
 * Level 6.3 Ranged Weapons
 + Level 1.0 Armour
 + Level 1.7 Dodging
 + Level 1.4 Stealth


You had 4 spell levels left.
You didn't know any spells.
Your spell library contained the following spells:

 Spells                   Type           Power      Damage    Failure   Level
 Apportation              Tloc           0%         N/A       43%         1
 Alistair's Intoxication  Tmut/Pois      0%         N/A       100%        5


Dungeon Overview and Level Annotations

Branches:
Dungeon (3/15)

Altars:


Innate Abilities, Weirdness & Mutations

You cannot be hasted, slowed, berserked, paralysed or teleported.
You can dig through walls and to a lower floor.
You have a pair of large antennae on your head. (SInv)
Your four strong arms can wield two-handed weapons with a shield.


Message History

The endoplasm jiggles.
You shoot an arrow. The arrow hits the gnoll!
You kill the gnoll!
You shoot an arrow. The arrow closely misses the gnoll.
The arrow hits the endoplasm!
You kill the endoplasm!
You shoot an arrow. The arrow hits the gnoll!
The gnoll is almost dead.
The gnoll barely misses you. x2; The gnoll hits you with a +0 flail.
The gnoll hits you from afar with a +0 halberd.
You shoot an arrow. The arrow hits the gnoll!
You kill the gnoll!
The gnoll barely misses you.
Your Armour skill increases to level 1!
You shoot an arrow.
The arrow hits the gnoll but does no damage.
The gnoll hits you from afar with a +0 halberd!
You shoot an arrow. The arrow barely misses the gnoll.
The gnoll hits you from afar with a +0 halberd.
You are too injured to fight recklessly!
You are too injured to fight recklessly!
You are too injured to fight recklessly!
Fire: a) +0 shortbow
Press: ? - help, Q - select action, (/) - cycle Shift-Dir - straight line, f/p - gnoll
Aim: a gnoll, wielding a +0 halberd and wearing an amulet of magic regeneration (71% to hit)
You shoot an arrow. The arrow barely misses the gnoll.
The gnoll hits you from afar with a +0 halberd!
* * * LOW HITPOINT WARNING * * *
The gnoll closely misses you.
Fire: a) +0 shortbow
Press: ? - help, Q - select action, (/) - cycle Shift-Dir - straight line, f/p - gnoll
Aim: a gnoll, wielding a +0 halberd and wearing an amulet of magic regeneration (71% to hit)
You shoot an arrow. The arrow completely misses the gnoll.
The gnoll misses you.
Fire: a) +0 shortbow
Press: ? - help, Q - select action, (/) - cycle Shift-Dir - straight line, f/p - gnoll
Aim: a gnoll, wielding a +0 halberd and wearing an amulet of magic regeneration (71% to hit)
You shoot an arrow. The arrow barely misses the gnoll.
The gnoll hits you from afar with a +0 halberd!
You die...

#...####.# #........#
#..<###### ### ##†##
##.#######.####
#.............#
##.#######.##.##### #.#
###.........
#######@#####.....######
..............###.#
#######g......# #.#
#.......###.#
#.#####.....# #)#
##.#### #.# #.#
#.........##.#
...g.##.###.##.#


You could see a gnoll.

Vanquished Creatures
  5 gnolls (D:3)
  5 adders
  A worm (D:3)
  5 dart slugs
  7 orcs (D:3)
  6 ball pythons
  5 endoplasms
  4 giant cockroaches
  2 hobgoblins (D:3)
  2 quokkas (D:2)
  4 bats
  6 frilled lizards
  7 goblins
  3 kobolds
  5 rats
67 creatures vanquished.

Notes
Turn   | Place    | Note
-------+----------+-------------------------------------------
     0 | D:1      | jimonade the Formicid Hunter began the quest for the Orb.
     0 | D:1      | Reached XP level 1. HP: 16/16 MP: 1/1
   226 | D:1      | Reached XP level 2. HP: 22/22 MP: 2/2
   884 | D:2      | Reached XP level 3. HP: 27/27 MP: 3/3
   971 | D:2      | Reached skill level 5 in Ranged Weapons
  1197 | D:2      | Reached XP level 4. HP: 33/33 MP: 4/4
  1601 | D:3      | Reached XP level 5. HP: 17/39 MP: 5/5
  1942 | D:3      | Reached skill level 6 in Ranged Weapons
  2042 | D:3      | Reached skill level 1 in Armour
  2050 | D:3      | Mangled by a gnoll

Illustrated notes

Levels and vault maps discovered:
D:1:      tarquinn_simple_flora_water_c, layout_loops_ring
D:2:      layout_basic
D:3:      layout_loops_ring, minitemple, minmay_mini_jars

Skill      XL: |  1  2  3  4  5 |
---------------+----------------+-----
Ranged Weapons | 5 6 |  6.3
Armour         | 1 |  1.0
Fighting       | |  2.7
Dodging        | |  1.7
Stealth        | |  1.4

Action                     |  1- 3 |  4- 6 || total
---------------------------+-------+-------++-------
   Fire: Shortbow          |    57 |    99 ||   156
Ability: Dig               |       |     1 ||     1
 Armour: Leather armour    |     7 |    16 ||    23
  Dodge: Dodged            |     9 |    37 ||    46

Table legend: (Time is in decaauts)
 A = Elapsed time spent in this place.
 B = Non-inter-level travel time spent in this place.
 C = Inter-level travel time spent in this place.
 D = Time resting spent in this place.
 E = Time spent auto-exploring this place.
 F = Levels seen in this place.
 G = Mean time per level.
                   A        B        C        D        E       F      G
               +--------+--------+--------+--------+--------+-----+--------+
         Total |   2093 |   2025 |     68 |    181 |   1368 |   3 |  697.7 |
       Dungeon |   2093 |   2025 |     68 |    181 |   1368 |   3 |  697.7 |
               +--------+--------+--------+--------+--------+-----+--------+

Top non-repeatable levels by time:
     D:1: 719 daAuts
     D:2: 694 daAuts
     D:3: 679 daAuts
